 Dungeon Crawl Stone Soup version 0.22.1-6-g1668fe2c40 (webtiles) character file.

13170 RaudVrn the Thaumaturge (level 12, -21/93 HPs)
             Began as a Gnoll Skald on Jan 18, 2019.
             Was a Priest of the Shining One.
             Demolished by a large slime creature (36 damage)
             ... on level 12 of the Dungeon.
             The game lasted 01:24:00 (14789 turns).

RaudVrn the Thaumaturge (Gnoll Skald)              Turns: 14789, Time: 01:24:01

Health: -21/93     AC: 10    Str: 13    XL:     12   Next: 3%
Magic:  12/24      EV: 16    Int: 17    God:    the Shining One [***...]
Gold:   586        SH: 11    Dex: 19    Spells: 27/28 levels left

rFire    + + .     SeeInvis .   a - +4 short sword of the Throat {elec, rN+}
rCold    . . .     Gourm    .   (no shield)
rNeg     + + +     Faith    .   J - +1 ring mail {rF+}
rPois    .         Spirit   .   N - +0 helmet
rElec    .         Reflect  +   l - scarf {cloud immunity}
rCorr    .         Harm     .   H - +0 pair of gloves
MR       .....                  (no boots)
Stlth    ++........             I - +3 amulet of reflection
HPRegen  0.25/turn              f - ring of positive energy
MPRegen  0.19/turn              M - ring of protection from fire

@: divine shield, infused, glowing
A: distributed training, fangs 1, strong nose
a: Divine Shield, Renounce Religion


You were on level 12 of the Dungeon.
You worshipped the Shining One.
The Shining One was most pleased with you.
You were near starving.

You visited 2 branches of the dungeon, and saw 13 of its levels.
You also visited: Bailey.

You collected 586 gold pieces.

Inventory:

Hand Weapons
 a - the +4 short sword of the Throat (weapon) {elec, rN+}
   (You found it on level 9 of the Dungeon)

   Occasionally, upon striking a foe, it will discharge some electrical energy
   and cause terrible harm.
   It protects you from negative energy.
 b - a +0 blowgun
 S - the +10 quarterstaff of the Wary Stars {crush, Stlth+}
   (You found it on level 7 of the Dungeon)

   It inflicts extra damage upon your enemies.
   It makes you more stealthy.
Missiles
 m - 72 poisoned needles
 T - 6 curare-tipped needles
 V - 7 throwing nets (quivered)
Armour
 l - a scarf of cloud immunity (worn)
 H - a +0 pair of gloves (worn)
 J - a +1 ring mail of fire resistance (worn)
 N - a +0 helmet (worn)
Magical Staves
 A - an uncursed staff of power
Jewellery
 f - a ring of positive energy (left hand)
 i - an uncursed ring of ice
 u - an uncursed amulet of magic regeneration
 D - an uncursed ring of wizardry
 E - an uncursed ring of protection from magic
 I - a +3 amulet of reflection (around neck)
 M - a ring of protection from fire (right hand)
Wands
 n - a wand of digging (23)
 y - a wand of scattershot (3)
 F - a wand of disintegration (11)
 G - a wand of iceblast (16)
Scrolls
 g - 2 scrolls of remove curse
 o - 5 scrolls of teleportation
 p - a scroll of acquirement {unknown}
 q - a scroll of magic mapping
 v - a scroll of amnesia
 x - 4 scrolls of blinking
 K - a scroll of enchant weapon {unknown}
 L - a scroll of brand weapon {unknown}
 O - a scroll of fog {unknown}
Potions
 e - a potion of resistance
 h - 2 potions of flight
 k - a potion of lignification
 r - 2 potions of brilliance
 t - a potion of heal wounds
 w - 5 potions of curing
 z - a potion of ambrosia
 B - a potion of mutation
 C - a potion of haste
 P - a potion of invisibility
Miscellaneous
 U - a lightning rod (4/4)
 X - a phantom mirror
Comestibles
 d - 20 rations


   Skills:
 + Level 8.2 Fighting
 + Level 8.2 Short Blades
 + Level 6.7 Long Blades
 + Level 6.7 Axes
 + Level 6.7 Maces & Flails
 + Level 6.7 Polearms
 + Level 6.7 Staves
 + Level 6.7 Slings
 + Level 6.7 Bows
 + Level 6.7 Crossbows
 + Level 6.7 Throwing
 + Level 7.3 Armour
 + Level 8.2 Dodging
 + Level 6.7 Stealth
 + Level 6.7 Shields
 + Level 6.7 Unarmed Combat
 + Level 8.5 Spellcasting
 + Level 5.6 Conjurations
 + Level 5.6 Hexes
 + Level 7.9 Charms
 + Level 5.6 Summonings
 + Level 5.6 Necromancy
 + Level 5.6 Translocations
 + Level 5.6 Transmutations
 + Level 5.6 Fire Magic
 + Level 5.6 Ice Magic
 + Level 5.6 Air Magic
 + Level 5.6 Earth Magic
 + Level 5.6 Poison Magic
 + Level 7.4 Invocations
 + Level 6.7 Evocations


You had 27 spell levels left.
You knew the following spells:

 Your Spells              Type           Power        Failure   Level  Hunger
a - Infusion              Chrm           ####         1%          1    None

Your spell library contained the following spells:

 Spells                   Type           Power        Failure   Level  Hunger
 Corona                   Hex            ####...      1%          1    None
 Summon Small Mammal      Summ           ####         1%          1    None
 Shroud of Golubria       Chrm/Tloc      ####......   1%          2    None
 Song of Slaying          Chrm           ####....     1%          2    None
 Call Imp                 Summ           ####....     3%          2    None
 Ensorcelled Hibernation  Hex/Ice        ####..       3%          2    None
 Regeneration             Chrm/Necr      ####......   3%          3    #......
 Spectral Weapon          Hex/Chrm       ####....     3%          3    #......
 Call Canine Familiar     Summ           ####....     6%          3    #......
 Confuse                  Hex            ####....     6%          3    #......
 Dazzling Spray           Conj/Hex       ####..       6%          3    #......
 Ignite Poison            Fire/Tmut/Pois ####....     6%          3    #......
 Summon Guardian Golem    Hex/Summ       ####....     6%          3    #......
 Tukima's Dance           Hex            ####....     6%          3    #......
 Cause Fear               Hex            ####......   19%         4    ###....
 Fulminant Prism          Conj/Hex       ####......   19%         4    ###....
 Summon Ice Beast         Ice/Summ       ####....     19%         4    ###....
 Summon Lightning Spire   Summ/Air       ####....     19%         4    ###....
 Summon Mana Viper        Hex/Summ       ####....     47%         5    #####..


Dungeon Overview and Level Annotations

Branches:
Dungeon (12/15)            Temple (1/1) D:7            Lair (0/6) D:11
    Orc (0/2) D:12

Altars:
Ashenzari
Cheibriados
Dithmenos
Elyvilon
Fedhas
Gozag
Hepliaklqana
Kikubaaqudgha
Makhleb
Nemelex Xobeh
Okawaru
Qazlal
Ru
Sif Muna
Trog
Uskayaw
Vehumet
Wu Jian
Xom
Yredelemnul
Zin
The Shining One

Shops:
D:5 *   D:6 !   D:7 (*   D:8 =


Innate Abilities, Weirdness & Mutations

Your experience applies equally to all skills.
You have very sharp teeth.
Your uncanny sense of smell can sniff out nearby items.


Message History

You kill Fannar!
The ice beast disappears in a puff of smoke! x2
You have reached level 12!
Your experience leads to an increase in your attributes!
Increase (S)trength, (I)ntelligence, or (D)exterity?
You feel agile.
You feel clever.
You hit the large slime creature.
Lightning courses through the large slime creature!
You bite the large slime creature, but do no damage.
The large slime creature is lightly wounded.
You block the large slime creature's attack.
You puncture the large slime creature!
The large slime creature is moderately wounded.
You hit the large slime creature!
Your bite misses the large slime creature.
The large slime creature is moderately wounded.
The large slime creature hits you!!
* * * LOW HITPOINT WARNING * * *
The large slime creature hits you!!!
You die...

#.....##......#**###....
#####.##..#.#.# #....
#.##..#.#.######....
#.##...............e
#.....#.#.######...J
#######.#+### #.T..
#####.......# #....
##...J.......# *,,,,
#...@##......# *****
#..........### *,,,,
#....####### *,***
#....# *,,,, #....#
*##******** #....#
*..,,,,,* *
##.^).######.#****,* *
#.....#.)..#.# *,* *
##......##.#.#####,* *


You could see a large slime creature.

Vanquished Creatures
  Fannar (D:12)
  A hydra (D:9)
  Erica (D:9)
  2 two-headed ogres
  Sonja (D:11)
  Pikel (D:9)
  A manticore (D:11)
  A centaur skeleton (D:11)
  A troll (D:11)
  A slime creature (D:12)
  2 hippogriffs
  2 dream sheep (D:9)
  A shadow (D:11)
  A human (shapeshifter) (D:5)
  9 yaks
  2 basilisks
  A hungry ghost (D:11)
  Duvessa (D:6)
  6 orc warriors
  8 ice beasts
  A phantom (D:8)
  A necrophage (D:9)
  An ogre (D:4)
  5 centaurs
  4 big kobolds
  6 bullfrogs
  5 gnoll sergeants (Bailey)
  Dowan (D:6)
  A scorpion (D:7)
  A killer bee (D:5)
  A howler monkey (D:8)
  10 crimson imps
  A quasit (D:8)
  A centaur zombie (D:7)
  6 hounds
  3 bullfrog skeletons
  2 orc priests
  3 gnoll shamans (Bailey)
  4 orc wizards
  2 iguanas (D:5)
  4 worker ants
  A hound skeleton (D:9)
  4 worker ant zombies
  12 gnolls (Bailey)
  10 adders
  8 shadow imps
  2 oozes
  3 worms
  A dart slug (D:1)
  6 leopard geckos
  42 orcs
  5 bats
  5 giant cockroaches
  12 goblins
  7 hobgoblins
  13 jackals
  10 kobolds
  2 quokkas
  A ball python (D:1)
  A jackal skeleton (D:5)
  A leopard gecko skeleton (D:7)
  12 rats
265 creatures vanquished.

Vanquished Creatures (collateral kills)
  3 gnoll sergeants (Bailey)
  3 gnoll shamans (Bailey)
  2 gnolls (Bailey)
8 creatures vanquished.

Vanquished Creatures (others)
  2 slaves (D:9)
  A jackal (D:9)
  A fungus (D:11)
4 creatures vanquished.

Grand Total: 277 creatures vanquished

Notes
Turn   | Place    | Note
-------+----------+-------------------------------------------
     0 | D:1      | RaudVrn the Gnoll Skald began the quest for the Orb.
     0 | D:1      | Reached XP level 1. HP: 20/20 MP: 6/6
   399 | D:1      | Reached XP level 2. HP: 26/26 MP: 7/7
   794 | D:2      | Reached XP level 3. HP: 27/31 MP: 6/9
   819 | D:2      | Reached skill level 5 in Spellcasting
   969 | D:2      | Reached skill level 1 in Invocations
  1167 | D:2      | Reached skill level 1 in Long Blades
  1167 | D:2      | Reached skill level 1 in Axes
  1167 | D:2      | Reached skill level 1 in Maces & Flails
  1167 | D:2      | Reached skill level 1 in Polearms
  1167 | D:2      | Reached skill level 1 in Staves
  1167 | D:2      | Reached skill level 1 in Slings
  1167 | D:2      | Reached skill level 1 in Bows
  1167 | D:2      | Reached skill level 1 in Crossbows
  1167 | D:2      | Reached skill level 1 in Throwing
  1167 | D:2      | Reached skill level 1 in Stealth
  1167 | D:2      | Reached skill level 1 in Shields
  1167 | D:2      | Reached skill level 1 in Unarmed Combat
  1167 | D:2      | Reached skill level 1 in Evocations
  1167 | D:2      | Reached XP level 4. HP: 33/38 MP: 11/11
  2426 | D:3      | Reached skill level 1 in Conjurations
  2426 | D:3      | Reached skill level 1 in Hexes
  2426 | D:3      | Reached skill level 1 in Summonings
  2426 | D:3      | Reached skill level 1 in Necromancy
  2426 | D:3      | Reached skill level 1 in Translocations
  2426 | D:3      | Reached skill level 1 in Transmutations
  2426 | D:3      | Reached skill level 1 in Fire Magic
  2426 | D:3      | Reached skill level 1 in Ice Magic
  2426 | D:3      | Reached skill level 1 in Air Magic
  2426 | D:3      | Reached skill level 1 in Earth Magic
  2426 | D:3      | Reached skill level 1 in Poison Magic
  2431 | D:3      | Reached XP level 5. HP: 16/43 MP: 4/12
  2893 | D:3      | Noticed an ice beast
  2917 | D:3      | Killed an ice beast
  2917 | D:3      | Reached XP level 6. HP: 4/50 MP: 4/13
  3634 | D:3      | Found a shimmering altar of Xom.
  3845 | D:3      | Reached skill level 5 in Fighting
  3845 | D:3      | Reached skill level 5 in Short Blades
  3845 | D:3      | Reached skill level 5 in Dodging
  4369 | D:4      | Reached XP level 7. HP: 56/56 MP: 15/15
  5126 | D:5      | Entered Level 5 of the Dungeon
  5187 | D:5      | Found a radiant altar of Vehumet.
  5201 | D:5      | Found Jauhialoe's Elemental Accessories.
  5439 | D:5      | Reached XP level 8. HP: 34/63 MP: 8/16
  5447 | D:5      | HP: 2/63 [orc warrior/hand axe (17)]
  6006 | D:5      | Found a stormy altar of Qazlal.
  6357 | D:5      | Found a burning altar of Makhleb.
  6358 | D:5      | Found a snail-covered altar of Cheibriados.
  6361 | D:5      | Found a glowing silver altar of Zin.
  6823 | D:6      | Found Ympur's Distillery.
  6981 | D:6      | Found a stormy altar of Qazlal.
  7006 | D:6      | Reached XP level 9. HP: 53/69 MP: 18/18
  7172 | D:6      | Noticed Duvessa
  7174 | D:6      | Noticed Dowan
  7192 | D:6      | Killed Duvessa
  7198 | D:6      | Killed Dowan
  7603 | D:6      | Found a bloodstained altar of Trog.
  8091 | D:7      | Found a staircase to the Ecumenical Temple.
  8097 | Temple   | Entered the Ecumenical Temple
  8399 | Temple   | Became a worshipper of the Shining One
  8484 | D:7      | Found Osim's Weapon Shop.
  8497 | D:7      | Found Ysucsac's Assorted Antiques.
  8780 | D:7      | Got a blackened quarterstaff
  8781 | D:7      | Identified the +10 quarterstaff of the Wary Stars {crush,
                  | Stlth+} (You found it on level 7 of the Dungeon)
  8970 | D:7      | Found a white marble altar of Elyvilon.
  8994 | D:8      | Found a shattered altar of Ashenzari.
  9117 | D:8      | Reached skill level 5 in Armour
  9123 | D:8      | Noticed a two-headed ogre
  9132 | D:8      | Killed a two-headed ogre
  9132 | D:8      | Reached skill level 5 in Invocations
  9497 | D:8      | Found Medoteac's Jewellery Shoppe.
  9880 | D:8      | Reached XP level 10. HP: 72/77 MP: 20/20
 10088 | D:8      | Found a shadowy altar of Dithmenos.
 10305 | D:9      | Got a steaming short sword
 10306 | D:9      | Identified the +4 short sword of the Throat {elec, rN+}
                  | (You found it on level 9 of the Dungeon)
 10391 | D:9      | Reached * piety under the Shining One
 10411 | D:9      | Noticed Pikel
 10418 | D:9      | Killed Pikel
 10541 | D:9      | Reached skill level 5 in Long Blades
 10541 | D:9      | Reached skill level 5 in Axes
 10541 | D:9      | Reached skill level 5 in Maces & Flails
 10541 | D:9      | Reached skill level 5 in Polearms
 10541 | D:9      | Reached skill level 5 in Staves
 10541 | D:9      | Reached skill level 5 in Slings
 10541 | D:9      | Reached skill level 5 in Bows
 10541 | D:9      | Reached skill level 5 in Crossbows
 10541 | D:9      | Reached skill level 5 in Throwing
 10541 | D:9      | Reached skill level 5 in Stealth
 10541 | D:9      | Reached skill level 5 in Shields
 10541 | D:9      | Reached skill level 5 in Unarmed Combat
 10541 | D:9      | Reached skill level 5 in Evocations
 10718 | D:9      | Noticed Erica
 10728 | D:9      | Killed Erica
 11174 | D:9      | Noticed a two-headed hydra
 11183 | D:9      | Killed a two-headed hydra
 11522 | D:10     | Entered Level 10 of the Dungeon
 11828 | D:10     | Reached XP level 11. HP: 84/84 MP: 22/22
 12380 | D:11     | Reached ** piety under the Shining One
 12715 | D:11     | Noticed Sonja
 12725 | D:10     | Reached skill level 5 in Conjurations
 12725 | D:10     | Reached skill level 5 in Hexes
 12725 | D:10     | Reached skill level 5 in Summonings
 12725 | D:10     | Reached skill level 5 in Necromancy
 12725 | D:10     | Reached skill level 5 in Translocations
 12725 | D:10     | Reached skill level 5 in Transmutations
 12725 | D:10     | Reached skill level 5 in Fire Magic
 12725 | D:10     | Reached skill level 5 in Ice Magic
 12725 | D:10     | Reached skill level 5 in Air Magic
 12725 | D:10     | Reached skill level 5 in Earth Magic
 12725 | D:10     | Reached skill level 5 in Poison Magic
 13112 | D:11     | Killed Sonja
 13183 | D:11     | Found a staircase to the Lair.
 13501 | D:11     | Noticed a manticore
 13519 | D:11     | Killed a manticore
 13934 | D:12     | Noticed a two-headed ogre
 13944 | D:12     | Killed a two-headed ogre
 14021 | D:12     | Found a flagged portal.
 14032 | Bailey   | Entered a bailey
 14161 | Bailey   | Reached *** piety under the Shining One
 14368 | Bailey   | Got a heavily runed plate armour
 14401 | Bailey   | Got an encrusted chain mail
 14418 | Bailey   | Identified the Tome of Fiery Curses
 14644 | Bailey   | Identified the +1 plate armour of the Amoeba {*Drain +Inv
                  | MP+9 Int+4} (You took it off a gnoll sergeant in a bailey)
 14645 | Bailey   | Identified the cursed +1 chain mail of the Will of the Gods
                  | {*Slow rPois rN+++ Dex-4} (You took it off a gnoll sergeant
                  | in a bailey)
 14727 | D:12     | Noticed Fannar
 14766 | D:12     | Killed Fannar
 14766 | D:12     | Reached XP level 12. HP: 29/93 MP: 11/24
 14789 | D:12     | Demolished by a large slime creature

Skill      XL: |  1  2  3  4  5  6  7  8  9 10 11 |
---------------+----------------------------------+-----
Spellcasting   | 5 6 7 8 |  8.5
Invocations    | 1 2 3 4 5 6 7 |  7.4
Long Blades    | 1 2 3 4 5 6 |  6.7
Axes           | 1 2 3 4 5 6 |  6.7
Maces & Flails | 1 2 3 4 5 6 |  6.7
Polearms       | 1 2 3 4 5 6 |  6.7
Staves         | 1 2 3 4 5 6 |  6.7
Slings         | 1 2 3 4 5 6 |  6.7
Bows           | 1 2 3 4 5 6 |  6.7
Crossbows      | 1 2 3 4 5 6 |  6.7
Throwing       | 1 2 3 4 5 6 |  6.7
Stealth        | 1 2 3 4 5 6 |  6.7
Shields        | 1 2 3 4 5 6 |  6.7
Unarmed Combat | 1 2 3 4 5 6 |  6.7
Evocations     | 1 2 3 4 5 6 |  6.7
Conjurations   | 1 2 3 4 5 |  5.6
Hexes          | 1 2 3 4 5 |  5.6
Summonings     | 1 2 3 4 5 |  5.6
Necromancy     | 1 2 3 4 5 |  5.6
Translocations | 1 2 3 4 5 |  5.6
Transmutations | 1 2 3 4 5 |  5.6
Fire Magic     | 1 2 3 4 5 |  5.6
Ice Magic      | 1 2 3 4 5 |  5.6
Air Magic      | 1 2 3 4 5 |  5.6
Earth Magic    | 1 2 3 4 5 |  5.6
Poison Magic   | 1 2 3 4 5 |  5.6
Armour         | 3 4 5 6 7 |  7.3
Fighting       | 5 6 7 8 |  8.2
Short Blades   | 5 6 7 8 |  8.2
Dodging        | 5 6 7 8 |  8.2
Charms         | 6 7 |  7.9

Action                   |  1- 3 |  4- 6 |  7- 9 | 10-12 || total
-------------------------+-------+-------+-------+-------++-------
Melee: Short sword       |    20 |    24 |       |   377 ||   421
       Bite              |    16 |    43 |    69 |    55 ||   183
       Dagger            |   139 |   363 |   400 |       ||   902
       Punch             |       |     3 |     8 |     7 ||    18
       Quarterstaff      |       |       |    43 |    19 ||    62
 Fire: Blowgun           |       |       |       |     6 ||     6
 Cast: Infusion          |     3 |     9 |    18 |    13 ||    43
Invok: Divine Shield     |       |       |       |     1 ||     1
Evoke: Wand              |       |       |     4 |     7 ||    11
       Box of beasts     |       |       |       |     1 ||     1
  Use: Potion            |       |     5 |     2 |     1 ||     8
       Scroll            |       |     6 |     8 |     8 ||    22
 Stab: Distracted        |     1 |       |       |       ||     1
       Sleeping          |     1 |     2 |     1 |       ||     4
       Confused          |       |     1 |     4 |       ||     5
       Paralysed         |       |     1 |     2 |       ||     3
  Eat: Chunk             |     1 |     8 |    10 |    11 ||    30
       Ration            |       |     1 |     2 |     1 ||     4
Armor: Leather armour    |    33 |    21 |       |       ||    54
       Scale mail        |       |    70 |    72 |       ||   142
       Ring mail         |       |       |    25 |    74 ||    99
Dodge: Dodged            |   126 |   190 |   164 |   228 ||   708
Block: Other             |       |       |    12 |    39 ||    51
       Reflection        |       |       |     2 |     2 ||     4
